 Dungeon Crawl Stone Soup version 0.21.0-25-ge575cb9 (webtiles) character file.

92 Monsterracer the Slasher (level 4, -3/41 HPs)
             Began as a Minotaur Monk on Jan 24, 2018.
             Slain by a centaur skeleton (6 damage)
             ... on level 5 of the Dungeon.
             The game lasted 00:05:30 (4034 turns).

Monsterracer the Slasher (Minotaur Monk)            Turns: 4034, Time: 00:05:30

Health: -3/41      AC:  2    Str: 16    XL:     4   Next: 35%
Magic:  3/3        EV: 14    Int:  7    God:
Gold:   153        SH:  0    Dex: 13    Spells: 3/3 levels left

rFire    . . .     SeeInvis .   a - +1 falchion {!a}
rCold    . . .     Gourm    .   (no shield)
rNeg     . . .     Faith    .   b - +0 robe
rPois    .         Spirit   .   (helmet restricted)
rElec    .         Reflect  .   (no cloak)
rCorr    .         Harm     .   (no gloves)
MR       .....                  (no boots)
Stlth    ++........             (no amulet)
HPRegen  0.13/turn              (no ring)
MPRegen  0.08/turn              (no ring)

@: no status effects
A: retaliatory headbutt, horns 2
a: no special abilities


You were on level 5 of the Dungeon.
You were not hungry.

You visited 1 branch of the dungeon, and saw 5 of its levels.

You collected 153 gold pieces.

Inventory:

Hand Weapons
 a - a +1 falchion (weapon) {!a}
Armour
 b - a +0 robe (worn)
Scrolls
 m - a scroll of remove curse
Potions
 d - 2 potions of curing
 g - a potion of haste
 l - a potion of flight
 q - a potion of might {unknown}
 r - a potion of heal wounds {unknown}
Comestibles
 c - 7 rations
 f - 2 chunks of flesh


   Skills:
 * Level 4.4 Fighting
 + Level 5.0 Long Blades
 + Level 4.1 Dodging
 - Level 1.5 Stealth


You had 3 spell levels left.
You didn't know any spells.

Dungeon Overview and Level Annotations

Branches:
Dungeon (5/15)
 Temple: D:4-7

Altars:
Dithmenos
Fedhas
Hepliaklqana
Qazlal
Sif Muna
Xom

Annotations:
D:2 exclusion: adder
D:3 exclusion: oklob plant


Innate Abilities, Weirdness & Mutations

You reflexively headbutt those who attack you in melee.
You have a pair of horns on your head.


Message History

The orc misses you.
You riposte.
You slash the orc!
You kill the orc!
Things that are here:
a short sword; a leather armour; an orc corpse You butcher the orc corpse.
f - 4 chunks of flesh
Things that are here:
a short sword; a leather armour Eat one of 4 chunks of flesh? (ye/n/q)
You eat one of the 4 chunks of flesh.
This raw flesh tastes terrible.
You are feeling hungry.
Eat one of 3 chunks of flesh? (ye/n/q)
You eat one of the 3 chunks of flesh.
This raw flesh tastes terrible.
A centaur skeleton comes into view.
The centaur skeleton closely misses you.
You riposte.
You slash the centaur skeleton!
The centaur skeleton is moderately damaged.
Really attack while wielding your +1 falchion {!a}?
Okay, then.
Health restored: 33 The centaur skeleton hits you.
You take 4 damage, and have 29/33 hp.
The centaur skeleton barely misses you.
The centaur skeleton closely misses you.
You furiously retaliate!
You headbutt the centaur skeleton!
You riposte.
You hit the centaur skeleton. You headbutt the centaur skeleton.
The centaur skeleton is severely damaged.
The centaur skeleton hits you.
You take 6 damage, and have 23/33 hp.
The centaur skeleton barely misses you.
You riposte.
You hit the centaur skeleton.
The centaur skeleton is severely damaged.
The centaur skeleton closely misses you.
You furiously retaliate!
You headbutt the centaur skeleton. The centaur skeleton barely misses you.
You riposte.
You slash the centaur skeleton!
You destroy the centaur skeleton!
Your Long Blades skill increases to level 5!
You have reached level 4!
You feel agile.
You regained 6 hp, and now have 29/41 hp.
MP restored: 3 You start resting.
Your magical contamination has completely faded away.
You regained 2 hp, and now have 31/41 hp.
You start resting.
A quokka zombie comes into view.
You regained 9 hp, and now have 40/41 hp.
Found a stone staircase leading down.
The quokka zombie closely misses you.
Health restored: 41 The quokka zombie closely misses you.
You furiously retaliate!
You headbutt the quokka zombie. The centaur skeleton barely misses you.
You furiously retaliate!
You headbutt the centaur skeleton.
You riposte.
You hit the centaur skeleton.
The centaur skeleton is moderately damaged.
The quokka zombie bites you but does no damage.
The centaur skeleton closely misses you.
The centaur skeleton barely misses you. The centaur skeleton hits you.
You take 2 damage, and have 39/41 hp.
The centaur skeleton hits you!
You take 8 damage, and have 31/41 hp.
The centaur skeleton hits you. x2
You take 7 damage, and have 24/41 hp.
The centaur skeleton hits you!
* * * LOW HITPOINT WARNING * * *
You take 8 damage, and have 16/41 hp.
The centaur skeleton closely misses you.
You furiously retaliate!
You headbutt the centaur skeleton. The centaur skeleton hits you.
* * * LOW HITPOINT WARNING * * *
You take 3 damage, and have 13/41 hp.
The centaur skeleton hits you.
* * * LOW HITPOINT WARNING * * *
You take 2 damage, and have 11/41 hp.
The centaur skeleton hits you.
* * * LOW HITPOINT WARNING * * *
You take 5 damage, and have 6/41 hp.
Things that are here:
a short sword; a leather armour Unknown command.
The centaur skeleton closely misses you.
The centaur skeleton closely misses you.
Found a ring mail.
The centaur skeleton hits you.
* * * LOW HITPOINT WARNING * * *
You take 2 damage, and have 6/41 hp.
The centaur skeleton hits you.
* * * LOW HITPOINT WARNING * * *
You take 4 damage, and have 2/41 hp.
The centaur skeleton misses you.
Okay, then.
A giant cockroach zombie comes into view.
The centaur skeleton closely misses you.
You furiously retaliate!
You headbutt the centaur skeleton!
The giant cockroach zombie bites you but does no damage.
The giant cockroach zombie completely misses you.
The centaur skeleton hits you.
You die...

,,,,,,,,,,,,**,*
#.#
,**,,,,,******,*
#.#
,**,,,,,******,*
#.#
,****,,,,,,,,,,*
#.# ,*
********####*#.#
,* #...*#Z# ,*
###...##.# ,*
#......Z.# **
#.....@Z.#
#.......##
###...### #...*
##.#* #.*
*************#.*
,,,,,,,,,,,,,..*
,***************


You could see a quokka zombie, a giant cockroach zombie and a centaur skeleton.

Vanquished Creatures
  A centaur skeleton (D:5)
  An ooze (D:2)
  2 dart slugs (D:1)
  3 leopard geckos
  An orc (D:5)
  2 ball pythons
  2 giant cockroaches (D:2)
  7 goblins
  8 hobgoblins
  6 kobolds
  A quokka (D:2)
  9 bats
  2 frilled lizards
  3 rats
48 creatures vanquished.

Notes
Turn   | Place    | Note
-------+----------+-------------------------------------------
     0 | D:1      | Monsterracer the Minotaur Monk began the quest for the Orb.
     0 | D:1      | Reached XP level 1. HP: 19/19 MP: 0/0
   148 | D:1      | Reached skill level 4 in Long Blades
   226 | D:1      | Reached XP level 2. HP: 21/26 MP: 1/1
   353 | D:1      | You fall through a shaft!
   666 | D:1      | HP: 9/26 [kobold/short sword (6)]
   672 | D:1      | HP: 7/26 [kobold/short sword (2)]
   674 | D:1      | HP: 3/26 [kobold/short sword (4)]
   676 | D:1      | HP: 1/26 [rat (2)]
   734 | D:1      | HP: 3/26 [hobgoblin/club (3)]
  1146 | D:1      | Reached XP level 3. HP: 31/31 MP: 2/2
  1160 | D:1      | HP: 15/31 [hobgoblin/club (3)]
  1171 | D:1      | HP: 11/31 [dart slug (2)]
  1178 | D:1      | HP: 7/31 [dart slug (1)]
  1182 | D:1      | HP: 3/31 [dart slug (2)]
  1570 | D:1      | HP: 16/33 [goblin/dagger (1)]
  1576 | D:1      | HP: 14/33 [goblin/dagger (1)]
  2157 | D:2      | Found a stormy altar of Qazlal.
  2172 | D:2      | HP: 16/33 [quokka (3)]
  2178 | D:2      | HP: 13/33 [quokka (4)]
  2186 | D:2      | HP: 11/33 [quokka (2)]
  2633 | D:2      | HP: 15/33 [hobgoblin (5)]
  3018 | D:2      | HP: 14/33 [goblin/uncursed club (5)]
  3432 | D:2      | Found a deep blue altar of Sif Muna.
  3487 | D:3      | Found a blossoming altar of Fedhas.
  3499 | D:3      | Noticed an oklob plant
  3633 | D:3      | Found a hazy altar of Hepliaklqana.
  3653 | D:3      | HP: 13/33 [orc/dagger (5)]
  3660 | D:3      | Found a shadowy altar of Dithmenos.
  3662 | D:3      | HP: 11/33 [goblin/stone (2)]
  3674 | D:4      | Found a shimmering altar of Xom.
  3687 | D:5      | Entered Level 5 of the Dungeon
  3908 | D:5      | Reached skill level 5 in Long Blades
  3908 | D:5      | Reached XP level 4. HP: 29/41 MP: 3/3
  4005 | D:5      | HP: 16/41 [centaur skeleton (8)]
  4011 | D:5      | HP: 6/41 [centaur skeleton (5)]
  4021 | D:5      | HP: 6/41 [centaur skeleton (2)]
  4023 | D:5      | HP: 2/41 [centaur skeleton (4)]
  4034 | D:5      | Slain by a centaur skeleton

Skill      XL: |  1  2  3 |
---------------+----------+-----
Long Blades    | 4 5 |  5.0
Fighting       | 4 |  4.4
Dodging        | 4 |  4.1
Stealth        | |  1.5

Action                   |  1- 3 |  4- 6 || total
-------------------------+-------+-------++-------
Melee: Headbutt          |     7 |       ||     7
  Use: Scroll            |    12 |       ||    12
  Eat: Chunk             |     9 |       ||     9
Armor: Robe              |    23 |     2 ||    25
Dodge: Dodged            |   186 |    11 ||   197
       Rpst.: Falchion   |    49 |     1 ||    50

Vault maps used:
D:1:      dpeg_arrival_tiny_c
D:2:      nicolae_overflow_crystal_walls, lemuel_blue_sif_altar,
          hangedman_decor_riveting
D:3:      grunt_dithmenos_smoke, lemuel_round_altar, marbit_many_paths,
          portal_sewer_entry_c, first_ration, tgw_fedhas
D:4:      kennysheep_mini, xom_teletrap_fun
D:5:      lightli_temple_of_fire
